 Dungeon Crawl Stone Soup version 0.20.1-1-g8b1a95d (webtiles) character file.

205598 mopl the Severer (level 19, -3/155 HPs)
             Began as a Formicid Wanderer on Sept 25, 2017.
             Was a Follower of Uskayaw.
             Killed from afar by a shock serpent (29 damage)
             ... with a bolt of electricity
             ... on level 4 of the Snake Pit on Sept 26, 2017.
             The game lasted 01:19:00 (41708 turns).

mopl the Severer (Formicid Wanderer)               Turns: 41708, Time: 01:19:01

Health: -3/155     AC: 24    Str: 21    XL:     19   Next: 86%
Magic:  31/31      EV: 11    Int: 12    God:    Uskayaw [*.....]
Gold:   1743       SH: 14    Dex: 17    Spells: 7/18 levels left

rFire    + . .     SeeInvis +   a - +3 battleaxe (freeze)
rCold    . . .     Gourm    .   E - +2 shield {rF+}
rNeg     + . .     Faith    +   g - +2 pearl dragon scales
rPois    +         Spirit   .   (helmet unavailable)
rElec    .         Reflect  .   P - +0 cloak
rCorr    .         Harm     .   O - +0 pair of gloves
MR       +....                  K - +0 pair of boots
Stlth    +.........             q - amulet of faith {!P}
Regen    0.4/turn               z - +3 ring of dexterity
MPRegen  0.3/turn               c - ring of poison resistance

@: no status effects
A: permanent stasis, dig shafts and tunnels, four strong arms, antennae 3
a: Dig, Shaft Self, Stomp, Renounce Religion


You were on level 4 of the Snake Pit.
You worshipped Uskayaw.
Uskayaw was most pleased with you.
You were not hungry.

You visited 4 branches of the dungeon, and saw 27 of its levels.
You also visited: Ossuary and Ice Cave.

You collected 2980 gold pieces.
You spent 1237 gold pieces at shops.

Inventory:

Hand Weapons
 a - a +3 battleaxe of freezing (weapon)
 x - a +2 war axe of flaming
Missiles
 p - 58 tomahawks (quivered)
 r - 5 throwing nets
 L - 8 needles of confusion
 U - 16 poisoned needles
Armour
 g - +2 pearl dragon scales (worn)
 E - a +2 shield of fire resistance (worn)
 J - the +0 shield of the New World {rN+ Int-3 Stlth+}
   (You found it on level 1 of the Snake Pit)

   It affects your intelligence (-3).
   It protects you from negative energy.
   It makes you more stealthy.
 K - a +0 pair of boots (worn)
 O - a +0 pair of gloves (worn)
 P - a +0 cloak (worn)
Jewellery
 c - a ring of poison resistance (right hand)
 q - an amulet of faith (around neck) {!P}
 t - the ring "Tisekepn" {rF++ rC+++ MR- Stlth-}
   (You found it on level 13 of the Dungeon)

   [ring of loudness]

   It greatly protects you from fire.
   It renders you almost immune to cold.
   It affects your resistance to hostile enchantments.
   It makes you less stealthy.
 z - a +3 ring of dexterity (left hand)
 F - an uncursed ring of flight
 N - an uncursed ring of resist corrosion
Wands
 l - a wand of acid (12/15)
 s - a wand of confusion (15/48)
 y - a wand of digging (14/24)
 B - a wand of paralysis (16/24)
 C - a wand of polymorph (14/24)
 R - a wand of enslavement (12/24)
 V - a wand of scattershot (5/9)
 W - a wand of disintegration (13/24)
 X - a wand of lightning (9/15)
Scrolls
 b - 8 scrolls of fear
 d - a scroll of enchant armour
 f - 4 scrolls of fog
 k - 13 scrolls of identify
 m - 8 scrolls of remove curse
 A - 7 scrolls of magic mapping
 H - a scroll of recharging
 Z - a scroll of brand weapon
Potions
 e - 2 potions of agility
 i - a potion of magic
 j - 7 potions of might
 n - 12 potions of curing
 o - a potion of ambrosia
 u - 2 potions of mutation {!q}
 v - a potion of heal wounds
 M - 5 potions of flight
 Q - 6 potions of lignification {!q}
 T - a potion of invisibility
 Y - 2 potions of cancellation
Miscellaneous
 w - a lamp of fire
 D - a phantom mirror
 G - a fan of gales
 I - a box of beasts
 S - a sack of spiders
Comestibles
 h - 10 bread rations


   Skills:
 * Level 15.5 Fighting
 + Level 20.0 Axes
 * Level 2.7 Throwing
 * Level 15.3 Armour
 * Level 2.5 Dodging
 - Level 4.8 Stealth
 * Level 9.5 Shields
 - Level 2.0 Unarmed Combat
 * Level 17.2 Invocations


You had 7 spell levels left.
You knew the following spells:

 Your Spells              Type           Power        Failure   Level  Hunger
a - Apportation           Tloc           #.....       61%         1    ##.....
p - Passwall              Tmut/Erth      #.........   75%         2    ###....
r - Regeneration          Chrm/Necr      #.........   93%         3    ####...
x - Animate Skeleton      Necr           N/A          61%         1    ##.....
P - Passage of Golubria   Tloc           N/A          100%        4    #####..


Dungeon Overview and Level Annotations

Branches:
Dungeon (15/15)            Temple (0/1) D:4            Lair (6/6) D:9
 Shoals (0/4) Lair:4        Snake (4/4) Lair:3        Slime (0/5) Lair:5
    Orc (2/2) D:10            Elf (0/3) Orc:2        Vaults (0/5) D:13
 Depths (0/5) D:15

Altars:
Ashenzari
Dithmenos
Fedhas
Gozag
Hepliaklqana
Kikubaaqudgha
Makhleb
Nemelex Xobeh
Qazlal
Sif Muna
Trog
Uskayaw
Xom
Zin
The Shining One
Beogh

Shops:
D:4 [   D:7 *   D:8 [   D:10 :   Orc:2 ?[(*   Snake:2 %

Annotations:
Lair:5 exclusion: 2 oklob plants


Innate Abilities, Weirdness & Mutations

You cannot be hasted, slowed, berserked, paralysed or teleported.
You can dig through walls and to a lower floor.
Your four strong arms can wield two-handed weapons with a shield.
You have a pair of large antennae on your head. (SInv)


Message History

The bolt of electricity hits you!
Unknown command.
Throwing (i - inventory. (,) - cycle):
p - 60 tomahawks (quivered)
Press: ? - help, Shift-Dir - straight line, f/p - shock serpent
Aim: a shock serpent (lightly wounded)
You throw a tomahawk. The tomahawk hits the shock serpent.
The shock serpent is lightly wounded.
Unknown command.
Throwing (i - inventory. (,) - cycle):
p - 59 tomahawks (quivered)
Press: ? - help, Shift-Dir - straight line, f/p - shock serpent
Aim: a shock serpent (lightly wounded)
You throw a tomahawk.
The tomahawk hits the shock serpent but does no damage.
The shock serpent is lightly wounded.
The shock serpent shoots out a bolt of lightning at you!
The bolt of electricity hits you!
* * * LOW HITPOINT WARNING * * *
The shock serpent shoots out a bolt of lightning at you!
The bolt of electricity hits you!
You die...

#...........
#...(.....#
#....(....#
#....(....#
##.....S...##
##...........##
#.............##
#..............##
#...........@...##
##....#######....##
##....#.##..#.....##
#...(.#.....'......##
#.....#.....'.......#
{
#...).#.....#.......#
#...(.#....##.......#
{
##....#..#..'..))[..#
{{{
#.....######.))))).#


You could see a shock serpent.

Vanquished Creatures
  Saint Roka (Snake:4)
  Kirke (D:12)
  8 nagarajas
  Louise (D:15)
  Azrael (D:13)
  Snorg (D:13)
  The ghost of kae the Cruncher, a journeyman GrGl of Makhleb (IceCv)
  A fire dragon (Lair:6)
  Erolcha (D:9)
  Harold (D:11)
  20 naga warriors
  4 hydras
  4 vault guards (D:13)
  15 anacondas
  A centaur warrior (D:14)
  A catoblepas (D:14)
  A death knight (D:15)
  Erica (D:8)
  9 two-headed ogres
  3 death yaks (Lair:6)
  Urug (D:12)
  An ogre mage (D:15)
  5 shock serpents
  13 naga sharpshooters
  Nergalle (Lair:1)
  8 skeletal warriors (D:15)
  9 sea snakes
  6 salamander mystics
  2 unseen horrors
  A wizard (D:15)
  7 naga ritualists
  7 orc knights
  A phantasmal warrior (D:15)
  4 lindwurms
  A necromancer (IceCv)
  2 wolf spider zombies
  8 mana vipers
  7 orc sorcerers
  9 ugly things
  3 manticores
  9 slime creatures
  7 elephants (Lair:6)
  7 deep elf magi (D:13)
  17 salamanders
  5 cyclopes
  3 ice statues (IceCv)
  9 guardian serpents
  26 naga magi
  51 black mambas
  3 molten gargoyles (Lair:6)
  14 spiny frogs
  Maurice (D:11)
  A torpor snail (Lair:3)
  2 gargoyles
  6 rime drakes
  15 komodo dragons
  2 kobold demonologists (D:11)
  5 yaktaurs (D:13)
  A freezing wraith (D:15)
  2 efreet
  7 ice devils (IceCv)
  A queen bee (Lair:3)
  11 trolls
  3 polar bears
  3 hornets
  20 blink frogs
  A snapping turtle (Lair:4)
  20 hippogriffs
  6 wraiths
  68 yaks
  3 shadows
  A human (D:12)
  13 wyverns
  2 fire elementals (D:13)
  A yak (shapeshifter) (D:15)
  6 basilisks
  A human (shapeshifter) (D:13)
  A steam dragon (D:15)
  2 hungry ghosts (D:14)
  6 hogs (D:12)
  7 vampire mosquitoes
  3 acid dragons
  56 nagas
  2 soldier ants
  7 wargs
  5 hell hounds
  14 water moccasins
  13 porcupines
  51 orc warriors
  A sky beast (D:6)
  3 phantoms
  A swamp drake (D:10)
  5 ice beasts
  4 necrophages
  3 eyes of draining
  12 ogres
  3 boggarts (D:15)
  14 crocodiles
  12 centaurs
  18 wolves
  An elf zombie (D:7)
  2 big kobolds
  18 bullfrogs
  3 scorpions
  32 killer bees
  22 wights
  4 howler monkeys
  6 electric eels
  4 crimson imps
  8 centaur zombies
  3 draconian simulacra (IceCv)
  5 lava snakes (Lair:6)
  4 hounds
  2 human zombies (D:7)
  5 bullfrog zombies
  5 centaur skeletons
  25 orc priests
  A bullfrog skeleton (D:13)
  4 jellies
  35 orc wizards
  4 iguanas
  4 spriggan simulacra (IceCv)
  14 worker ants
  2 troll simulacra (IceCv)
  A killer bee zombie (Ossuary)
  21 mummies
  4 hound zombies
  A hound skeleton (D:4)
  2 howler monkey zombies
  3 worker ant zombies (Ossuary)
  26 adders
  A river rat (shapeshifter) (D:9)
  An ogre simulacrum (IceCv)
  5 shadow imps
  2 oozes
  3 adder zombies (Ossuary)
  2 worms
  A dart slug (D:1)
  3 leopard geckos
  125 orcs
  6 giant cockroaches
  8 goblins
  12 hobgoblins
  6 jackals (D:4)
  A kobold (shapeshifter) (D:9)
  7 quokkas
  2 ball pythons
  A ball python zombie (Ossuary)
  6 bats
  4 frilled lizards
  24 kobolds
  A leopard gecko zombie (Ossuary)
  2 orc zombies (D:7)
  3 quokka zombies
  7 rats
  5 fungi
  4 plants
1281 creatures vanquished.

Vanquished Creatures (others)
  A naga (Snake:3)
  An orc wizard (D:13)
  6 fungi
  21 plants
  3 withered plants (Ossuary)
32 creatures vanquished.

Grand Total: 1313 creatures vanquished

Notes
Turn   | Place    | Note
-------+----------+-------------------------------------------
     0 | D:1      | mopl the Formicid Wanderer began the quest for the Orb.
     0 | D:1      | mopl set off with: a scroll of fear, a potion of haste, a potion of lignification {!q}, a potion of curing, a +0 robe, a +0 club, a +0 dagger, a bread ration
     0 | D:1      | Reached XP level 1. HP: 18/18 MP: 1/1
   199 | D:1      | Reached skill level 1 in Armour
   199 | D:1      | Reached XP level 2. HP: 20/24 MP: 2/2
   641 | D:1      | Reached XP level 3. HP: 28/30 MP: 3/3
   684 | D:1      | Reached skill level 2 in Armour
   973 | D:2      | Reached skill level 4 in Fighting
   979 | D:2      | Found a shimmering altar of Xom.
  1225 | D:2      | Reached XP level 4. HP: 26/37 MP: 4/4
  1613 | D:2      | Reached skill level 3 in Armour
  1758 | D:2      | Found a faded altar of an unknown god.
  1937 | D:3      | Reached XP level 5. HP: 40/43 MP: 5/5
  2204 | D:3      | Found a hide-covered altar of Uskayaw.
  2205 | D:3      | Found a glowing golden altar of the Shining One.
  2266 | D:3      | Became a worshipper of Uskayaw the Reveler
  2306 | D:3      | Reached * piety under Uskayaw
  2607 | D:3      | Found a shattered altar of Ashenzari.
  2611 | D:3      | Saw a vision of the Shoals and the Snake Pit.
  2611 | D:3      | Noticed an anaconda
  2611 | D:3      | Noticed a centaur
  2611 | D:3      | Noticed an anaconda
  2611 | D:3      | Noticed a black mamba
  2611 | D:3      | Noticed a merfolk siren
  2611 | D:3      | Noticed a naga
  2611 | D:3      | Noticed a merfolk
  2611 | D:3      | Noticed a naga warrior
  2611 | D:3      | Noticed a merfolk siren
  2611 | D:3      | Noticed a black mamba
  2611 | D:3      | Noticed an anaconda
  2611 | D:3      | Noticed a naga ritualist
  2611 | D:3      | Noticed a naga
  2612 | D:3      | Noticed a shock serpent
  2612 | D:3      | Noticed a naga ritualist
  3014 | D:4      | Reached skill level 1 in Axes
  3031 | D:4      | Reached skill level 1 in Invocations
  3179 | D:4      | Reached XP level 6. HP: 43/50 MP: 7/7
  3257 | D:4      | Reached skill level 2 in Invocations
  3407 | D:4      | Reached skill level 2 in Axes
  3664 | D:4      | Noticed a phantom
  3850 | D:4      | Found a staircase to the Ecumenical Temple.
  4048 | D:4      | Reached skill level 5 in Fighting
  4199 | D:4      | Found Kyorac's Antique Armour Shop.
  4221 | D:4      | Reached skill level 4 in Armour
  4221 | D:4      | Reached skill level 3 in Invocations
  4221 | D:4      | Reached XP level 7. HP: 4/56 MP: 9/9
  4301 | D:4      | Bought a runed shield for 180 gold pieces
  4823 | D:4      | Reached ** piety under Uskayaw
  4833 | D:4      | Reached skill level 3 in Axes
  5022 | D:4      | Reached skill level 1 in Shields
  5171 | D:5      | Entered Level 5 of the Dungeon
  5237 | D:5      | Found a shadowy altar of Dithmenos.
  5352 | D:5      | Reached skill level 4 in Invocations
  5402 | D:5      | Reached XP level 8. HP: 54/64 MP: 11/11
  5456 | D:5      | Reached skill level 4 in Axes
  5565 | D:5      | Found a stormy altar of Qazlal.
  6026 | D:6      | Reached skill level 2 in Shields
  6211 | D:6      | Reached skill level 5 in Invocations
  6226 | D:6      | Found an opulent altar of Gozag.
  6630 | D:6      | Reached skill level 6 in Fighting
  6815 | D:6      | Reached skill level 5 in Armour
  6831 | D:7      | Found Zin's Purification Station.
  6834 | D:7      | Found a glowing silver altar of Zin.
  6924 | D:7      | Found a sand-covered staircase.
  6929 | Ossuary  | Entered an ossuary
  6948 | Ossuary  | Reached XP level 9. HP: 33/69 MP: 13/13
  6954 | Ossuary  | Reached skill level 10 in Axes
  6954 | Ossuary  | Reached skill level 11 in Invocations
  6954 | Ossuary  | Reached XP level 10. HP: 26/76 MP: 13/18
  6955 | Ossuary  | Reached skill level 3 in Shields
  6963 | Ossuary  | Reached *** piety under Uskayaw
  6973 | Ossuary  | Reached **** piety under Uskayaw
  7178 | Ossuary  | Reached ***** piety under Uskayaw
  8515 | D:7      | Found a bloodstained altar of Trog.
  8548 | D:7      | Reached skill level 4 in Shields
  8592 | D:7      | Found an ancient bone altar of Kikubaaqudgha.
  8763 | D:8      | Reached skill level 6 in Armour
  9473 | D:8      | Noticed Erica
  9486 | D:8      | Killed Erica
  9486 | D:8      | Reached skill level 7 in Fighting
  9486 | D:8      | Reached skill level 11 in Axes
  9486 | D:8      | Reached XP level 11. HP: 46/84 MP: 19/19
 10422 | D:8      | Found Avaepefa's Antique Armour Shop.
 10478 | D:8      | Reached skill level 5 in Shields
 10688 | D:9      | Found a sparkling altar of Nemelex Xobeh.
 10970 | D:9      | Noticed a two-headed ogre
 10988 | D:9      | Killed a two-headed ogre
 11346 | D:9      | Reached skill level 7 in Armour
 11485 | D:9      | Learned a level 1 spell: Apportation
 11487 | D:9      | Learned a level 1 spell: Animate Skeleton
 11553 | D:9      | Found a staircase to the Lair.
 11563 | D:9      | Found a burning altar of Makhleb.
 11642 | D:9      | Noticed Erolcha
 11650 | D:9      | Killed Erolcha
 11650 | D:9      | Reached skill level 8 in Fighting
 11720 | D:9      | Found a hazy altar of Hepliaklqana.
 11750 | D:9      | Reached skill level 6 in Shields
 11862 | D:9      | Found a shimmering altar of Xom.
 11863 | D:9      | Found a shimmering altar of Xom.
 11863 | D:9      | Found a shimmering altar of Xom.
 11863 | D:9      | Found a shimmering altar of Xom.
 11864 | D:9      | Found a shimmering altar of Xom.
 11867 | D:9      | Found a shimmering altar of Xom.
 11871 | D:9      | Found a shimmering altar of Xom.
 12023 | Lair:1   | Entered Level 1 of the Lair of Beasts
 12103 | Lair:1   | Noticed Nergalle
 12114 | Lair:1   | Killed Nergalle
 12114 | Lair:1   | Reached skill level 12 in Axes
 12114 | Lair:1   | Reached XP level 12. HP: 63/93 MP: 20/20
 12941 | Lair:1   | Learned a level 3 spell: Regeneration
 12990 | Lair:1   | Reached skill level 8 in Armour
 13448 | Lair:2   | Reached skill level 7 in Shields
 13843 | Lair:2   | Reached skill level 9 in Fighting
 13865 | Lair:2   | Reached skill level 13 in Axes
 14662 | Lair:2   | Reached XP level 13. HP: 101/101 MP: 21/21
 14836 | Lair:2   | Reached skill level 9 in Armour
 14839 | Lair:2   | Reached skill level 8 in Shields
 15101 | Lair:3   | Found a staircase to the Snake Pit.
 15708 | Lair:3   | Noticed Sonja
 15715 | Lair:3   | Noticed Sonja
 15715 | Lair:3   | Sonja changed into Sonja the rime drake
 15725 | Lair:3   | Killed Sonja the rime drake
 16220 | Lair:3   | Reached skill level 10 in Fighting
 16493 | Lair:3   | Reached skill level 14 in Axes
 16699 | Lair:3   | Reached skill level 9 in Shields
 17584 | Lair:4   | Noticed a four-headed hydra
 17609 | Lair:4   | Killed a one-headed hydra
 17609 | Lair:4   | Reached skill level 10 in Armour
 17609 | Lair:4   | Reached skill level 12 in Invocations
 17689 | Lair:4   | Noticed an eight-headed hydra
 17717 | Lair:4   | Killed a two-headed hydra
 17717 | Lair:4   | Reached XP level 14. HP: 48/111 MP: 23/23
 18363 | Lair:4   | Found a hide-covered altar of Uskayaw.
 18745 | Lair:4   | Found a staircase to the Shoals.
 19697 | Lair:5   | Found a staircase to the Slime Pits.
 20516 | Lair:6   | Entered Level 6 of the Lair of Beasts
 20529 | Lair:6   | Reached skill level 11 in Fighting
 20923 | Lair:6   | Reached skill level 15 in Axes
 21070 | Lair:6   | Reached ****** piety under Uskayaw
 21105 | Lair:6   | Reached skill level 11 in Armour
 21142 | Lair:6   | Found a large runed door.
 21143 | Lair:6   | Found a large runed door.
 21356 | Lair:6   | Found an ancient bone altar of Kikubaaqudgha.
 21443 | Lair:6   | Reached skill level 13 in Invocations
 21484 | Lair:6   | Reached XP level 15. HP: 84/119 MP: 24/24
 22367 | D:10     | Entered Level 10 of the Dungeon
 22828 | D:10     | Found Lomamm's Book Shop.
 22875 | D:10     | Found a staircase to the Orcish Mines.
 23488 | Orc:1    | Entered Level 1 of the Orcish Mines
 23847 | Orc:2    | Entered Level 2 of the Orcish Mines
 23988 | Orc:2    | Reached skill level 16 in Axes
 24079 | Orc:2    | Reached skill level 12 in Fighting
 24089 | Orc:2    | Found Ockaill's General Store.
 24089 | Orc:2    | Found Kiuh's Weapon Emporium.
 24153 | Orc:2    | Bought a scroll of enchant weapon for 90 gold pieces
 24153 | Orc:2    | Bought a scroll of identify for 24 gold pieces
 24153 | Orc:2    | Bought a scroll of magic mapping for 42 gold pieces
 24153 | Orc:2    | Bought a scroll of enchant armour for 90 gold pieces
 24381 | Orc:2    | Found a roughly hewn altar of Beogh.
 24434 | Orc:2    | Found Ypsymoik's Armour Shop.
 24917 | Orc:2    | Found a staircase to the Elven Halls.
 25215 | Orc:2    | Found Xeaweadi's Magic Scroll Emporium.
 25228 | Orc:2    | Found a roughly hewn altar of Beogh.
 25286 | Orc:2    | Bought a scroll of recharging for 171 gold pieces
 25286 | Orc:2    | Bought a scroll of brand weapon for 360 gold pieces
 25286 | Orc:2    | Bought a scroll of identify for 36 gold pieces
 25286 | Orc:2    | Bought a scroll of magic mapping for 63 gold pieces
 25286 | Orc:2    | Bought 2 scrolls of fear for 126 gold pieces
 25766 | D:11     | Noticed Maurice
 25772 | D:11     | Killed Maurice
 26405 | D:11     | Noticed Harold
 26425 | D:11     | Killed Harold
 26584 | D:11     | Reached skill level 14 in Invocations
 26734 | D:12     | Reached skill level 12 in Armour
 26908 | D:12     | Found a frozen archway.
 26917 | IceCv    | Entered an ice cave
 26929 | IceCv    | Noticed kae's ghost (journeyman GrGl)
 26942 | IceCv    | Killed kae's ghost
 27826 | IceCv    | Reached XP level 16. HP: 90/129 MP: 26/26
 28330 | IceCv    | Got a brightly glowing robe
 28411 | IceCv    | Identified the +1 robe "Teepeif" {+Fly rF+ MR- Str+5} (You found it in an ice cave)
 28507 | D:12     | Noticed Urug
 28519 | D:12     | Killed Urug
 28585 | D:12     | Noticed Kirke
 28595 | D:12     | Killed Kirke
 29699 | D:13     | Reached skill level 17 in Axes
 29830 | D:13     | Found a gate to the Vaults.
 30061 | D:13     | Noticed Azrael
 30083 | D:13     | Killed Azrael
 30083 | D:13     | Reached skill level 13 in Fighting
 30565 | D:13     | Identified the Tome of Blows and Bruises and Shape Shifting
 30569 | D:13     | Learned a level 2 spell: Passwall
 30598 | D:13     | Identified Seveup's Tome of Malediction and Air
 30646 | D:13     | Found a deep blue altar of Sif Muna.
 30675 | D:13     | Noticed Snorg
 30682 | D:13     | Killed Snorg
 30884 | D:13     | Identified Vavaruh's Collected Works on Orientation and Contamination
 30964 | D:13     | Learned a level 4 spell: Passage of Golubria
 30984 | D:13     | Got a shimmering platinum ring
 30986 | D:13     | Identified the ring "Tisekepn" {rF++ rC+++ MR- Stlth-} (You found it on level 13 of the Dungeon)
 31028 | D:13     | Identified Kad Bof's Collected Works on Burning Calling
 31039 | D:13     | Identified the Incunabulum of Displacement and Companions
 31040 | D:13     | Identified Cit Arph's Grimoire of Scorching Feathers
 31408 | D:14     | Found a blossoming altar of Fedhas.
 31415 | D:14     | Reached skill level 13 in Armour
 31734 | D:14     | Reached XP level 17. HP: 76/137 MP: 28/28
 31994 | D:14     | Reached skill level 15 in Invocations
 32497 | D:15     | Entered Level 15 of the Dungeon
 32774 | D:15     | Reached skill level 18 in Axes
 33074 | D:15     | Found a staircase to the Depths.
 33107 | D:15     | Noticed Louise
 33144 | D:15     | Killed Louise
 33999 | Snake:1  | Entered Level 1 of the Snake Pit
 34045 | Snake:1  | Reached skill level 14 in Fighting
 35467 | Snake:1  | Got a crude shield
 35478 | Snake:1  | Identified the +0 shield of the New World {rN+ Int-3 Stlth+} (You found it on level 1 of the Snake Pit)
 35766 | Snake:2  | Reached XP level 18. HP: 124/146 MP: 29/29
 35869 | Snake:2  | You fall through a shaft!
 36116 | Snake:3  | Reached skill level 16 in Invocations
 36152 | Snake:3  | Reached skill level 14 in Armour
 36479 | Snake:2  | Found Kogatreamp's Food Shoppe.
 36496 | Snake:2  | Bought a bread ration for 55 gold pieces
 36984 | Snake:2  | Reached skill level 19 in Axes
 38483 | Snake:4  | Entered Level 4 of the Snake Pit
 38810 | Snake:4  | Reached skill level 15 in Fighting
 38810 | Snake:4  | Reached XP level 19. HP: 110/155 MP: 31/31
 39767 | Snake:4  | Noticed Saint Roka
 39796 | Snake:4  | Killed Saint Roka
 39828 | Snake:4  | Reached skill level 15 in Armour
 39858 | Snake:4  | Reached skill level 17 in Invocations
 39913 | Snake:4  | Reached skill level 20 in Axes
 39955 | Snake:4  | Reached skill level 1 in Throwing
 40687 | Snake:4  | Reached skill level 2 in Throwing
 40891 | Snake:4  | Reached skill level 2 in Dodging
 41708 | Snake:4  | Killed from afar by a shock serpent

Skill      XL: |  1  2  3  4  5  6  7  8  9 10 11 12 13 14 15 16 17 18 19 |
---------------+----------------------------------------------------------+-----
Armour         | 1 2 3 4 5 6 7 8 10 11 12 13 14 15 | 15.3
Fighting       | 4 5 6 7 8 9 10 11 12 13 14 15 | 15.5
Axes           | 1 2 3 4 10 11 12 13 14 15 16 17 18 19 20 | 20.0
Invocations    | 1 3 4 5 11 12 13 14 15 16 17 | 17.2
Shields        | 1 2 4 6 7 9 |  9.5
Throwing       | 2 |  2.7
Dodging        | 2 |  2.5
Stealth        | |  4.8
Unarmed Combat | |  2.0

Action                   |  1- 3 |  4- 6 |  7- 9 | 10-12 | 13-15 | 16-18 | 19-21 || total
-------------------------+-------+-------+-------+-------+-------+-------+-------++-------
Melee: Club              |    72 |       |       |       |       |       |       ||    72
       Short sword       |    68 |   249 |   241 |       |       |       |       ||   558
       Punch             |       |     1 |       |       |       |       |       ||     1
       War axe           |       |       |    38 |   803 |   683 |       |       ||  1524
       Scimitar          |       |       |       |       |    37 |       |       ||    37
       Battleaxe         |       |       |       |       |   579 |  1138 |   400 ||  2117
Throw: Tomahawk          |       |       |     6 |    17 |       |       |     4 ||    27
Invok: Line Pass         |       |       |       |     2 |     1 |     1 |       ||     4
       Stomp             |       |       |       |     2 |       |       |     2 ||     4
       Grand Finale      |       |       |       |       |       |     3 |     1 ||     4
 Abil: Dig               |     2 |     1 |     1 |     3 |    15 |     4 |     4 ||    30
Evoke: Wand              |       |       |       |       |     2 |       |       ||     2
  Use: Potion            |     1 |       |     1 |     3 |     2 |       |     6 ||    13
       Scroll            |       |       |     1 |    10 |     8 |     6 |       ||    25
 Stab: Sleeping          |     1 |       |       |       |       |       |       ||     1
       Paralysed         |       |       |       |    76 |   149 |   163 |    27 ||   415
       Distracted        |       |       |       |       |       |     1 |       ||     1
  Eat: Chunk             |     1 |    10 |     9 |    24 |    38 |    25 |     8 ||   115
       Fruit             |       |       |       |     2 |     1 |     9 |       ||    12
       Royal jelly       |       |       |       |     1 |     2 |     1 |     1 ||     5
       Bread ration      |       |       |       |       |     1 |     1 |       ||     2
Armor: Chain mail        |    61 |       |       |       |       |       |       ||    61
       Robe              |     1 |       |       |       |       |       |       ||     1
       Plate armour      |    40 |   202 |   143 |   333 |   472 |   116 |       ||  1306
       Skin              |       |       |       |    11 |       |       |       ||    11
       Pearl dragon scal |       |       |       |       |       |   255 |    75 ||   330
Dodge: Dodged            |    41 |    61 |    22 |    84 |   217 |   230 |    61 ||   716
Block: Shield            |       |       |   136 |   447 |   749 |   544 |   177 ||  2053
       Rpst.: Scimitar   |       |       |       |       |     2 |       |       ||     2
